[Event "Icelandic Team-ch Kvika Leagu 2023-24"]
[Site "Reykjavik"]
[Date "2024.03.02"]
[Round "8"]
[White "Pantzar, Milton"]
[Black "Domalchuk-Jonasson, Aleksandr"]
[Result "0-1"]
[ECO "E05"]
[WhiteElo "2472"]
[BlackElo "2355"]
[Annotator "RC"]
[PlyCount "104"]
[EventDate "2024.02.29"]
[EventType "team-tourn"]
[EventCountry "ISL"]
[SourceTitle "playchess.com"]
[Source "ChessBase"]
[SourceQuality "1"]
[TimeControl "40/5400+30:900+30"]

1. d4 d5 2. c4 e6 3. Nf3 Nf6 4. g3 Be7 5. Bg2 O-O 6. O-O dxc4 7. Qc2 b5 8. a4 b4 9. Nbd2 Bb7 10. Nxc4 c5 11. Rd1 Nbd7 12. Be3 Rc8 13. Nfe5 Bxg2 14. Kxg2 Nd5 15. Qb3 Nxe5 16. dxe5 Qc7 17. a5 Rfd8 18. Bd2 Qc6 19. f3 Nc7 20. e4 Nb5 21. Qa4 Rd4 22. Qc2 Rcd8 23. Be3 R4d7 24. Rxd7 Qxd7 25. Kf2 Nd4 26. Bxd4 Qxd4+ 27. Ke2 Qd7 28. Rd1 Qb5 29. b3 Rxd1 30. Qxd1 Qc6 31. Ke3 Kf8 32. f4 g6 33. g4 h6 34. Qd3 Kg8 35. h3 Kf8 36. Kf3 Kg8 37. Kg3 Qc7 38. Kf3 Qc6 39. Kg3 Qc7 40. h4 Kf8 41. h5 gxh5 42. gxh5 Ke8 43. Kg4 Qc6 44. Kg3 Qc7 45. Kf3 Qc6 46. Qd2 Qc7 47. Qg2 Kf8 48. f5 Bg5 49. Qe2 Qd8 50. Nd6 Qxa5 51. Qc4 Qa1 52. Qxc5 Qc3+ 0-1

[Event "Icelandic Team-ch Kvika Leagu 2023-24"]
[Site "Reykjavik"]
[Date "2024.03.02"]
[Round "8"]
[White "Stefansson, Vignir Vatnar"]
[Black "Olafsson, Helgi"]
[Result "1/2-1/2"]
[ECO "B12"]
[WhiteElo "2464"]
[BlackElo "2471"]
[Annotator "RC"]
[PlyCount "99"]
[EventDate "2024.02.29"]
[EventType "team-tourn"]
[EventCountry "ISL"]
[SourceTitle "playchess.com"]
[Source "ChessBase"]
[SourceQuality "1"]
[TimeControl "40/5400+30:900+30"]

1. e4 c6 2. d4 d5 3. e5 Bf5 4. Nf3 e6 5. Be2 c5 6. c3 Nc6 7. O-O Bg4 8. Be3 cxd4 9. cxd4 Nge7 10. Nc3 Nf5 11. a3 Be7 12. Na4 O-O 13. b4 b6 14. h3 Bxf3 15. Bxf3 Rc8 16. Bg4 Nxe3 17. fxe3 Bg5 18. Qd3 g6 19. Nc3 Ne7 20. Nb5 h5 21. Bf3 Nf5 22. e4 Be3+ 23. Kh1 Ng3+ 24. Kh2 Bf4 25. Kg1 dxe4 26. Bxe4 Nxf1 27. Rxf1 Qg5 28. Nxa7 Rc1 29. Rxc1 Bxc1 30. Nc6 Kg7 31. a4 f6 32. Bf3 fxe5 33. Nxe5 Qe3+ 34. Kf1 Qxd3+ 35. Nxd3 Be3 36. d5 exd5 37. Ke2 d4 38. Ne5 Bg1 39. Kd3 Re8 40. Nc4 Re1 41. Nxb6 Re3+ 42. Kd2 Ra3 43. a5 Bh2 44. Kc2 Bd6 45. Nd5 d3+ 46. Kb2 Ra4 47. Kc3 Ra3+ 48. Kb2 Ra4 49. Kb3 Ra1 50. Kc3 1/2-1/2

[Event "Icelandic Team-ch Kvika Leagu 2023-24"]
[Site "Reykjavik"]
[Date "2024.03.02"]
[Round "8"]
[White "Sulypa, Oleksandr"]
[Black "Nagy, Gabor"]
[Result "1/2-1/2"]
[ECO "C92"]
[WhiteElo "2457"]
[BlackElo "2436"]
[Annotator "RC"]
[PlyCount "28"]
[EventDate "2024.02.29"]
[EventType "team-tourn"]
[EventCountry "ISL"]
[SourceTitle "playchess.com"]
[Source "ChessBase"]
[SourceQuality "1"]
[TimeControl "40/5400+30:900+30"]

1. e4 e5 2. Nf3 Nc6 3. Bb5 a6 4. Ba4 Nf6 5. O-O Be7 6. Re1 b5 7. Bb3 d6 8. c3 O-O 9. h3 a5 10. d4 Bd7 11. Nbd2 a4 12. Bc2 Re8 13. Nf1 h6 14. Ne3 Bf8 1/2-1/2

[Event "Icelandic Team-ch Kvika Leagu 2023-24"]
[Site "Reykjavik"]
[Date "2024.03.02"]
[Round "8"]
[White "Gunnarsson, Jon Viktor"]
[Black "Ragnarsson, Dagur"]
[Result "1-0"]
[ECO "D45"]
[WhiteElo "2442"]
[BlackElo "2337"]
[Annotator "RC"]
[PlyCount "59"]
[EventDate "2024.02.29"]
[EventType "team-tourn"]
[EventCountry "ISL"]
[SourceTitle "playchess.com"]
[Source "ChessBase"]
[SourceQuality "1"]
[TimeControl "40/5400+30:900+30"]

1. c4 c6 2. Nf3 d5 3. e3 Nf6 4. Nc3 e6 5. b3 Bd6 6. Bb2 O-O 7. Be2 Qe7 8. O-O Nbd7 9. Qc2 Re8 10. d4 b6 11. e4 dxe4 12. Nxe4 Nxe4 13. Qxe4 Bb7 14. Rad1 f5 15. Qe3 c5 16. dxc5 Bxc5 17. Qf4 Nf6 18. Ne5 Rad8 19. Bf3 Ne4 20. Bxe4 Bxe4 21. h4 Qb7 22. Kh2 Qc7 23. f3 Bb7 24. h5 Be7 25. h6 g5 26. Qg3 Bf6 27. f4 g4 28. Nxg4 Bxb2 29. Nf6+ Kf8 30. Qg8+ 1-0

[Event "Icelandic Team-ch Kvika Leagu 2023-24"]
[Site "Reykjavik"]
[Date "2024.03.02"]
[Round "8"]
[White "Thorfinnsson, Bragi"]
[Black "Kulaots, Kaido"]
[Result "1/2-1/2"]
[ECO "D90"]
[WhiteElo "2397"]
[BlackElo "2534"]
[Annotator "RC"]
[PlyCount "82"]
[EventDate "2024.02.29"]
[EventType "team-tourn"]
[EventCountry "ISL"]
[SourceTitle "playchess.com"]
[Source "ChessBase"]
[SourceQuality "1"]
[TimeControl "40/5400+30:900+30"]

1. d4 Nf6 2. Nf3 g6 3. c4 Bg7 4. Nc3 d5 5. cxd5 Nxd5 6. Bd2 Nb6 7. Bf4 O-O 8. e3 c5 9. dxc5 N6d7 10. Bc4 Nc6 11. O-O Nxc5 12. Qe2 Be6 13. Rfd1 Qb6 14. Bxe6 Nxe6 15. Nd5 Qxb2 16. Qxb2 Bxb2 17. Rab1 Nxf4 18. exf4 Ba3 19. Rxb7 Rab8 20. Rdb1 Rxb7 21. Rxb7 Rd8 22. Ne3 Rc8 23. Kf1 Bd6 24. g3 Rc7 25. Rxc7 Bxc7 26. Ke2 e6 27. Kd3 Nb4+ 28. Kc4 Nxa2 29. Kb3 Nc1+ 30. Kc2 Na2 31. Kb3 Nc1+ 32. Kc2 Ne2 33. Kd3 Nxf4+ 34. gxf4 Bxf4 35. Nc4 Kg7 36. h3 g5 37. Nd4 h5 38. Nc6 g4 39. hxg4 hxg4 40. Nxa7 g3 41. fxg3 Bxg3 1/2-1/2

[Event "Icelandic Team-ch Kvika Leagu 2023-24"]
[Site "Reykjavik"]
[Date "2024.03.02"]
[Round "8"]
[White "Arngrimsson, Dagur"]
[Black "Thorhallsson, Throstur"]
[Result "1/2-1/2"]
[ECO "D27"]
[WhiteElo "2366"]
[BlackElo "2388"]
[Annotator "RC"]
[PlyCount "23"]
[EventDate "2024.02.29"]
[EventType "team-tourn"]
[EventCountry "ISL"]
[SourceTitle "playchess.com"]
[Source "ChessBase"]
[SourceQuality "1"]
[TimeControl "40/5400+30:900+30"]

1. d4 d5 2. c4 dxc4 3. Nf3 Nf6 4. Nc3 a6 5. e3 e6 6. a4 c5 7. Bxc4 Nc6 8. O-O Be7 9. dxc5 Qxd1 10. Rxd1 Bxc5 11. Bd2 O-O 12. Rac1 1/2-1/2

[Event "Icelandic Team-ch Kvika Leagu 2023-24"]
[Site "Reykjavik"]
[Date "2024.03.02"]
[Round "8"]
[White "Heimisson, Hilmir Freyr"]
[Black "Lomasov, Semyon"]
[Result "0-1"]
[ECO "A40"]
[WhiteElo "2355"]
[BlackElo "2565"]
[Annotator "RC"]
[PlyCount "72"]
[EventDate "2024.02.29"]
[EventType "team-tourn"]
[EventCountry "ISL"]
[SourceTitle "playchess.com"]
[Source "ChessBase"]
[SourceQuality "1"]
[TimeControl "40/5400+30:900+30"]

1. d4 e6 2. c4 Bb4+ 3. Nc3 c5 4. a3 Bxc3+ 5. bxc3 Nc6 6. e3 d6 7. Bd3 e5 8. Ne2 f5 9. O-O Nf6 10. Ng3 g6 11. Bd2 Kd7 12. Be1 Kc7 13. f3 b6 14. Ne2 Ba6 15. g4 Qg8 16. gxf5 Bxc4 17. Kh1 gxf5 18. Rg1 Qf7 19. dxc5 bxc5 20. Bxc4 Qxc4 21. Ng3 Ne7 22. Qc2 Rhg8 23. Rd1 e4 24. fxe4 fxe4 25. Qf2 Raf8 26. Qf4 Nfd5 27. Qh6 Kc6 28. Qxh7 Nxe3 29. Rd2 N3f5 30. Nxf5 Rxg1+ 31. Kxg1 Nxf5 32. Rb2 Rf7 33. Qh8 Rg7+ 34. Bg3 Qg8 35. Qxg8 Rxg8 36. Kg2 d5 0-1

[Event "Icelandic Team-ch Kvika Leagu 2023-24"]
[Site "Reykjavik"]
[Date "2024.03.02"]
[Round "8"]
[White "Johannesson, Ingvar Thor"]
[Black "Petersson, Baldur Teodor"]
[Result "1-0"]
[ECO "E95"]
[WhiteElo "2313"]
[BlackElo "2190"]
[Annotator "ChessBase"]
[PlyCount "99"]
[EventDate "2024.02.29"]
[EventType "team-tourn"]
[EventCountry "ISL"]
[SourceTitle "playchess.com"]
[Source "ChessBase"]
[SourceQuality "1"]
[TimeControl "40/5400+30:900+30"]

1. c4 Nf6 2. d4 g6 3. Nc3 Bg7 4. e4 d6 5. Nf3 O-O 6. Be2 e5 7. O-O Nbd7 8. Re1 Re8 9. Bf1 exd4 10. Nxd4 Nc5 11. f3 c6 12. Be3 Qc7 13. Qd2 Ne6 14. Nc2 Nd7 15. Rad1 Bf8 16. Kh1 Ng7 17. Bh6 f6 18. Nd4 Ne5 19. Be3 Nf7 20. b3 Bd7 21. Bd3 a6 22. Rc1 Qd8 23. a4 a5 24. Rcd1 Qc8 25. Bc2 Ne5 26. f4 Ng4 27. Bg1 f5 28. Nf3 fxe4 29. Nxe4 Bf5 30. h3 Bxe4 31. Bxe4 Nf6 32. Bd3 c5 33. Bf2 Qc6 34. Ng5 Nf5 35. Be2 h6 36. Bf3 Qd7 37. Ne4 Bg7 38. Nc3 Rxe1+ 39. Rxe1 Re8 40. Rd1 Kh7 41. Nb5 Ne4 42. Bxe4 Rxe4 43. Nxd6 Nxd6 44. Qxd6 Qf7 45. Bxc5 Rxf4 46. Kg1 Qf5 47. Qc7 Qf6 48. Kh2 Rf5 49. Rd7 Rf1 50. Bd4 1-0

[Event "Icelandic Team-ch Kvika Leagu 2023-24"]
[Site "Reykjavik"]
[Date "2024.03.02"]
[Round "8"]
[White "Bjornsson, Sigurbjorn"]
[Black "Kjartansson, David"]
[Result "1-0"]
[ECO "C41"]
[WhiteElo "2305"]
[BlackElo "2287"]
[Annotator "RC"]
[PlyCount "67"]
[EventDate "2024.02.29"]
[EventType "team-tourn"]
[EventCountry "ISL"]
[SourceTitle "playchess.com"]
[Source "ChessBase"]
[SourceQuality "1"]
[TimeControl "40/5400+30:900+30"]

1. e4 d6 2. d4 Nf6 3. Nc3 e5 4. Nf3 Nbd7 5. Bc4 Be7 6. O-O c6 7. a4 h6 8. Re1 Qc7 9. h3 Nf8 10. Nh4 g6 11. a5 N6d7 12. Nf3 g5 13. Ne2 Ng6 14. Ng3 Nf4 15. Nf5 Nf6 16. Bxf4 gxf4 17. N3h4 Bf8 18. Qd3 Be6 19. d5 cxd5 20. exd5 Bd7 21. a6 b6 22. Ra3 Qc5 23. Rc3 Qa5 24. Qd4 Bxf5 25. Rxe5+ dxe5 26. Qxe5+ Be6 27. Qxf6 Qa1+ 28. Kh2 Bd7 29. Qe5+ Kd8 30. Qxh8 Kc7 31. Bb5+ Bc5 32. Qxa8 Bxb5 33. Rxc5+ bxc5 34. Qb7+ 1-0

[Event "Icelandic Team-ch Kvika Leagu 2023-24"]
[Site "Reykjavik"]
[Date "2024.03.02"]
[Round "8"]
[White "O`Donnell, Conor"]
[Black "Bjornsson, Tomas"]
[Result "1-0"]
[ECO "E08"]
[WhiteElo "2284"]
[BlackElo "2165"]
[Annotator "RC"]
[PlyCount "80"]
[EventDate "2024.02.29"]
[EventType "team-tourn"]
[EventCountry "ISL"]
[SourceTitle "playchess.com"]
[Source "ChessBase"]
[SourceQuality "1"]
[TimeControl "40/5400+30:900+30"]

1. c4 Nf6 2. Nf3 e6 3. g3 d5 4. Bg2 Be7 5. O-O O-O 6. d4 Nbd7 7. Qc2 a6 8. b3 c5 9. dxc5 Nxc5 10. Rd1 Qb6 11. Be3 Qc7 12. cxd5 Nxd5 13. Bd4 a5 14. Nc3 Nd7 15. Qb2 Bf6 16. Nxd5 exd5 17. Rac1 Qd6 18. Rc2 Bxd4 19. Nxd4 Nf6 20. Nb5 Qb4 21. Nc7 Rb8 22. Nxd5 Nxd5 23. Bxd5 Bf5 24. Rcd2 b6 25. Qe5 Bg6 26. h4 h6 27. h5 Rbe8 28. Qxe8 Rxe8 29. hxg6 Rb8 30. Bc4 Kf8 31. gxf7 Qe7 32. a4 h5 33. Rd7 Qf6 34. R1d4 g6 35. R7d6 Qg5 36. Kg2 Kg7 37. R6d5 Qf6 38. Rd7 Rf8 39. R4d6 Qe5 40. Re6 Qc5 1-0

[Event "Icelandic Team-ch Kvika Leagu 2023-24"]
[Site "Reykjavik"]
[Date "2024.03.02"]
[Round "8"]
[White "Gislason, Gudmundur"]
[Black "Gunnarsson, Arnar"]
[Result "1/2-1/2"]
[ECO "A14"]
[WhiteElo "2266"]
[BlackElo "2410"]
[Annotator "RC"]
[PlyCount "110"]
[EventDate "2024.02.29"]
[EventType "team-tourn"]
[EventCountry "ISL"]
[SourceTitle "playchess.com"]
[Source "ChessBase"]
[SourceQuality "1"]
[TimeControl "40/5400+30:900+30"]

1. Nf3 Nf6 2. c4 e6 3. g3 d5 4. Bg2 Be7 5. O-O O-O 6. b3 b6 7. Bb2 Bb7 8. d3 c5 9. Ne5 Nc6 10. Nxc6 Bxc6 11. Nc3 Qd7 12. e4 Qb7 13. cxd5 exd5 14. e5 Nd7 15. d4 cxd4 16. Qxd4 Bc5 17. Qf4 Rae8 18. Ne2 f6 19. exf6 Nxf6 20. Nd4 Ne4 21. Qc1 Bd7 22. a3 a5 23. Qd1 Rf6 24. Nf3 Rf7 25. b4 axb4 26. axb4 Bd6 27. Qd3 Bg4 28. Nd4 Bd7 29. Nb5 Bxb4 30. Ra7 Bxb5 31. Qxb5 Qxa7 32. Qxe8+ Rf8 33. Qe6+ Qf7 34. Qc6 Bc5 35. Bxe4 dxe4 36. Qxe4 Re8 37. Qc6 h5 38. Bc1 h4 39. Bf4 Re6 40. Qa8+ Kh7 41. Qd8 Be7 42. Qd3+ Qg6 43. Qxg6+ Kxg6 44. Kg2 Kf5 45. Be3 hxg3 46. hxg3 Bc5 47. Bxc5 bxc5 48. Rc1 Rc6 49. Rc4 Ke5 50. Kf3 Kd5 51. Rg4 Rc7 52. Ke3 Rf7 53. Kd3 Rf3+ 54. Ke2 Rf7 55. Kd3 Rf3+ 1/2-1/2

[Event "Icelandic Team-ch Kvika Leagu 2023-24"]
[Site "Reykjavik"]
[Date "2024.03.02"]
[Round "8"]
[White "Hansen, Soren Bech"]
[Black "Thorsteinsson, Thorsteinn"]
[Result "1/2-1/2"]
[ECO "B90"]
[WhiteElo "2213"]
[BlackElo "2193"]
[Annotator "RC"]
[PlyCount "43"]
[EventDate "2024.02.29"]
[EventType "team-tourn"]
[EventCountry "ISL"]
[SourceTitle "playchess.com"]
[Source "ChessBase"]
[SourceQuality "1"]
[TimeControl "40/5400+30:900+30"]

1. e4 c5 2. Nf3 d6 3. d4 cxd4 4. Nxd4 Nf6 5. Nc3 g6 6. Bc4 Bg7 7. Bb3 O-O 8. O-O a6 9. Re1 b5 10. a4 bxa4 11. Bxa4 Qb6 12. h3 Bd7 13. Bb3 e6 14. Be3 Qb7 15. f3 Rc8 16. Nde2 Ne8 17. Qd2 Bb5 18. Bd4 Bc4 19. Bxg7 Kxg7 20. Ra3 Bxb3 21. Rxb3 Qa7+ 22. Qd4+ 1/2-1/2

[Event "Icelandic Team-ch Kvika Leagu 2023-24"]
[Site "Reykjavik"]
[Date "2024.03.02"]
[Round "8"]
[White "Omarsson, Dadi"]
[Black "Bjornsson, Gunnar"]
[Result "1/2-1/2"]
[ECO "B35"]
[WhiteElo "2199"]
[BlackElo "2131"]
[Annotator "RC"]
[PlyCount "45"]
[EventDate "2024.02.29"]
[EventType "team-tourn"]
[EventCountry "ISL"]
[SourceTitle "playchess.com"]
[Source "ChessBase"]
[SourceQuality "1"]
[TimeControl "40/5400+30:900+30"]

1. e4 c5 2. Nf3 Nc6 3. d4 cxd4 4. Nxd4 g6 5. Nc3 Bg7 6. Be3 Nf6 7. Bc4 O-O 8. Bb3 Ng4 9. Qxg4 Nxd4 10. Qd1 Nxb3 11. axb3 Bxc3+ 12. bxc3 Qc7 13. Qd2 d6 14. h4 h5 15. O-O Bd7 16. f4 f5 17. e5 Bc6 18. Qf2 Be4 19. Bd4 Qc6 20. exd6 exd6 21. c4 a6 22. Qg3 Kh7 23. c3 1/2-1/2

[Event "Icelandic Team-ch Kvika Leagu 2023-24"]
[Site "Reykjavik"]
[Date "2024.03.02"]
[Round "8"]
[White "Kristinsson, Baldur"]
[Black "Mai, Alexander Oliver"]
[Result "1/2-1/2"]
[ECO "D30"]
[WhiteElo "2169"]
[BlackElo "2160"]
[Annotator "RC"]
[PlyCount "53"]
[EventDate "2024.02.29"]
[EventType "team-tourn"]
[EventCountry "ISL"]
[SourceTitle "playchess.com"]
[Source "ChessBase"]
[SourceQuality "1"]
[TimeControl "40/5400+30:900+30"]

1. Nf3 d5 2. d4 Nf6 3. c4 e6 4. e3 a6 5. Qc2 dxc4 6. Bxc4 Nbd7 7. a4 b6 8. O-O Bb7 9. Nbd2 c5 10. Re1 Be7 11. b3 O-O 12. Bb2 Ra7 13. Rad1 Qa8 14. e4 Re8 15. Ne5 Nxe5 16. dxe5 Nd7 17. f4 Bf8 18. Qd3 Nb8 19. Qh3 Bc6 20. f5 b5 21. Bd3 Qb7 22. axb5 axb5 23. Bb1 Qb6 24. Kh1 Rd7 25. Nf3 Qd8 26. Rc1 Na6 27. Bc3 1/2-1/2

[Event "Icelandic Team-ch Kvika Leagu 2023-24"]
[Site "Reykjavik"]
[Date "2024.03.02"]
[Round "8"]
[White "Olafsson, Thorvardur"]
[Black "Van den Berg, Bram"]
[Result "1/2-1/2"]
[ECO "B01"]
[WhiteElo "2105"]
[BlackElo "2173"]
[Annotator "RC"]
[PlyCount "53"]
[EventDate "2024.02.29"]
[EventType "team-tourn"]
[EventCountry "ISL"]
[SourceTitle "playchess.com"]
[Source "ChessBase"]
[SourceQuality "1"]
[TimeControl "40/5400+30:900+30"]

1. e4 d5 2. exd5 Nf6 3. Bb5+ Nbd7 4. d4 Nxd5 5. Nf3 g6 6. O-O Bg7 7. Re1 O-O 8. Bf1 b6 9. c4 N5f6 10. Nc3 Bb7 11. h3 Re8 12. Bf4 Nf8 13. Be5 a6 14. Qd3 N8d7 15. Bh2 e6 16. Rad1 Rc8 17. Ne5 Qe7 18. a3 Red8 19. Qe3 c5 20. d5 exd5 21. cxd5 Nxe5 22. Bxe5 Nxd5 23. Nxd5 Rxd5 24. Rxd5 Bxd5 25. Bxg7 Qxe3 26. Rxe3 Kxg7 27. Bxa6 1/2-1/2

[Event "Icelandic Team-ch Kvika Leagu 2023-24"]
[Site "Reykjavik"]
[Date "2024.03.02"]
[Round "8"]
[White "Sverrisson, Nokkvi"]
[Black "Einarsson, Arnthor"]
[Result "1-0"]
[ECO "B08"]
[WhiteElo "2052"]
[BlackElo "2179"]
[Annotator "ChessBase"]
[PlyCount "81"]
[EventDate "2024.02.29"]
[EventType "team-tourn"]
[EventCountry "ISL"]
[SourceTitle "playchess.com"]
[Source "ChessBase"]
[SourceQuality "1"]
[TimeControl "40/5400+30:900+30"]

1. e4 d6 2. d4 g6 3. Nf3 Bg7 4. Be2 Nf6 5. Nc3 O-O 6. O-O c6 7. a4 a5 8. d5 Na6 9. Be3 Nb4 10. h3 Bd7 11. Bc4 Rc8 12. Bb3 Ra8 13. Nd4 Qc8 14. f3 Kh8 15. Qe2 Nh5 16. Rfe1 Be5 17. Qd2 c5 18. Ndb5 Bg3 19. Re2 f5 20. exf5 Bxf5 21. Ne4 Bxe4 22. fxe4 Be5 23. c3 Na6 24. Rf2 Rxf2 25. Qxf2 Qf8 26. Rf1 Qxf2+ 27. Rxf2 Kg7 28. Na3 Nc7 29. Nc4 Bg3 30. Rf3 b5 31. axb5 Nxb5 32. Ba4 Rb8 33. Bg5 Rb7 34. Bxb5 Rxb5 35. Bxe7 a4 36. Kf1 a3 37. bxa3 Rb1+ 38. Ke2 Rg1 39. Bf8+ Kg8 40. Bh6 Rxg2+ 41. Kf1 1-0

[Event "Icelandic Team-ch Kvika Leagu 2023-24"]
[Site "Reykjavik"]
[Date "2024.03.02"]
[Round "9"]
[White "Kazakouski, Valery"]
[Black "Gretarsson, Hjorvar Steinn"]
[Result "1-0"]
[ECO "E08"]
[WhiteElo "2608"]
[BlackElo "2530"]
[Annotator "TA"]
[PlyCount "117"]
[EventDate "2024.02.29"]
[EventType "team-tourn"]
[EventCountry "ISL"]
[SourceTitle "playchess.com"]
[Source "ChessBase"]
[SourceQuality "1"]
[TimeControl "40/5400+30:900+30"]

1. d4 Nf6 2. c4 e6 3. Nf3 d5 4. g3 Bb4+ 5. Bd2 Be7 6. Bg2 O-O 7. O-O Nbd7 8. Qc2 c6 9. Rd1 b6 10. Bf4 Bb7 11. Nc3 dxc4 12. Nd2 Nd5 13. Nxc4 Nxf4 14. gxf4 {[%emt 0:00:07] The position is equal.} Qc7 15. e3 c5 {[%emt 0:07:19] ...Bxg2 is the strong threat.} 16. d5 exd5 17. Nxd5 Bxd5 18. Rxd5 Rad8 19. Qb3 a6 (19... Nb8 $11 {keeps the balance.}) 20. a4 $1 $16 {[%emt 0:02:19] White is much more active.} Rb8 21. Qd1 {[%emt 0:06:15] Black is weak on the light squares} (21. Rad1 $16 Nf6 22. R5d2) 21... Rfd8 $11 22. Rd2 Bf8 23. Qe2 Nf6 24. Rxd8 Rxd8 25. Ne5 a5 26. Rd1 Rxd1+ 27. Qxd1 Bd6 28. Nc4 Be7 29. Qb3 Bd8 30. Bf1 {[%emt 0:02:10] aiming for Ne5.} Ne8 31. Ne5 $36 {[%emt 0:03:45][%cal Oe5f7][%mdl 2048] Nxf7! would now be deadly. White has some pressure.} Nd6 32. Qd5 Bf6 33. b3 g6 34. Bh3 Bxe5 (34... Kg7 $14) 35. fxe5 $14 {[%emt 0:01:15][%mdl 4096] Endgame. KQB-KQN} Nb7 (35... Ne8 $142) 36. Bd7 Nd8 37. f4 Kf8 38. e4 (38. Kg2 $16) 38... f6 {[%emt 0:02:01] This move loses the game for Black.} 39. exf6 $18 Qxf4 40. e5 Qe3+ 41. Kf1 $1 Qc1+ 42. Ke2 {[%emt 0:00:29] Intending Qd6+ and mate.} Qb2+ (42... Qc2+ $142 43. Ke3 Qc3+ 44. Ke2 Qc2+ 45. Qd2 Qe4+ 46. Kf2 (46. Qe3 Qc2+ 47. Ke1 Qxh2 $11) 46... Nf7 (46... Qxe5 47. Qh6+ Kg8 48. Qg7#)) 43. Kd3 Qb1+ {[%emt 0:00:47] [#]} 44. Kc4 $1 {[%emt 0:03:49] Threatening mate with Qd6+.} Qf1+ 45. Qd3 Qf4+ 46. Kd5 Nf7 $2 {[%emt 0:00:35] [#]} (46... Qxh2 47. e6 Qh1+ 48. Kc4 Qh4+ 49. Kb5 Qxf6) 47. Qe4 $1 Qg5 48. h4 Qh5 49. Qf4 {[%emt 0:07:17] Threatens to win with Bg4.} Qd1+ 50. Kc6 {[%emt 0:00:09] e6 would kill now.} Qf3+ 51. Qxf3 Nxe5+ 52. Kxb6 Nxf3 53. Kxa5 {[%emt 0:00:28] KB-KN} Nd4 54. Kb6 Nxb3 55. Be6 {[%emt 0:00:10] White mates.} Nd4 56. Bd5 c4 57. Bxc4 Nf3 58. a5 Ne5 59. Be6 {[%emt 0:00:08] Weighted Error Value: White=0.08 (flawless) /Black=0.29 (precise) .  Mistake:       	White=2     	Black=6      Inaccurate:     	White=2     	Black=4      OK:         	White=11    	Black=15     Best:        	White=4     	Black=3      Strong:       	White=4     	---} 1-0

[Event "Icelandic Team-ch Kvika Leagu 2023-24"]
[Site "Reykjavik"]
[Date "2024.03.02"]
[Round "9"]
[White "Kulaots, Kaido"]
[Black "Nagy, Gabor"]
[Result "1-0"]
[ECO "B41"]
[WhiteElo "2534"]
[BlackElo "2436"]
[Annotator "RC"]
[PlyCount "55"]
[EventDate "2024.02.29"]
[EventType "team-tourn"]
[EventCountry "ISL"]
[SourceTitle "playchess.com"]
[Source "ChessBase"]
[SourceQuality "1"]
[TimeControl "40/5400+30:900+30"]

1. e4 c5 2. Nf3 e6 3. d4 cxd4 4. Nxd4 a6 5. a3 Qc7 6. c4 Nf6 7. Nc3 b6 8. Be3 Bb7 9. f3 Be7 10. Rc1 O-O 11. Be2 Nc6 12. Na4 Rab8 13. b4 Nh5 14. Nb3 f5 15. Bxb6 Qf4 16. Qxd7 fxe4 17. Qxe6+ Kh8 18. O-O Qg5 19. fxe4 Nf4 20. Rxf4 Qxf4 21. Nc3 Rf6 22. Qh3 Rh6 23. Be3 Qe5 24. Bxh6 gxh6 25. Nd5 Bg5 26. Rf1 Rd8 27. Qf5 Qb2 28. Nf6 1-0

[Event "Icelandic Team-ch Kvika Leagu 2023-24"]
[Site "Reykjavik"]
[Date "2024.03.02"]
[Round "9"]
[White "Pakleza, Zbigniew"]
[Black "Heimisson, Hilmir Freyr"]
[Result "1/2-1/2"]
[ECO "D32"]
[WhiteElo "2482"]
[BlackElo "2355"]
[Annotator "ChessBase"]
[PlyCount "117"]
[EventDate "2024.02.29"]
[EventType "team-tourn"]
[EventCountry "ISL"]
[SourceTitle "playchess.com"]
[Source "ChessBase"]
[SourceQuality "1"]
[TimeControl "40/5400+30:900+30"]

1. Nf3 d5 2. e3 Nf6 3. c4 e6 4. Nc3 c5 5. d4 a6 6. cxd5 exd5 7. Be2 Nc6 8. O-O cxd4 9. Nxd4 Bd6 10. Bf3 Bc7 11. Nxc6 bxc6 12. e4 O-O 13. exd5 Nxd5 14. Nxd5 cxd5 15. Qxd5 Rb8 16. Qxd8 Rxd8 17. Re1 f6 18. g4 Be5 19. Rb1 h5 20. gxh5 Bf5 21. Ra1 Rd4 22. Kg2 Rh4 23. Rxe5 fxe5 24. Bg5 Rhb4 25. b3 Be4 26. Re1 Bxf3+ 27. Kxf3 Rf8+ 28. Kg3 Rf5 29. h4 Rd4 30. Rc1 Rd3+ 31. Kg2 Rdf3 32. Be3 Rf7 33. Rc2 R3f6 34. b4 Rb7 35. a3 Kf7 36. Rc5 Rb5 37. Rc7+ Kg8 38. Ra7 Rd5 39. a4 Rc6 40. Kf3 e4+ 41. Kxe4 Rxh5 42. Bg5 Rc4+ 43. Kf5 Rcxh4 44. f4 Kh7 45. Rxa6 Rh1 46. b5 R5h3 47. Ra7 Rb3 48. Bf6 Rg1 49. Be5 Kh6 50. Ra6+ g6+ 51. Kf6 Rb4 52. Ra8 Kh5 53. Bd6 Rd4 54. Be5 Rb4 55. Rh8+ Kg4 56. Rh2 Rxa4 57. Rb2 Raa1 58. b6 Rgb1 59. Rxb1 1/2-1/2

[Event "Icelandic Team-ch Kvika Leagu 2023-24"]
[Site "Reykjavik"]
[Date "2024.03.02"]
[Round "9"]
[White "Stefansson, Hannes"]
[Black "Pultinevicius, Paulius"]
[Result "1-0"]
[ECO "B15"]
[WhiteElo "2481"]
[BlackElo "2575"]
[Annotator "RC"]
[PlyCount "85"]
[EventDate "2024.02.29"]
[EventType "team-tourn"]
[EventCountry "ISL"]
[SourceTitle "playchess.com"]
[Source "ChessBase"]
[SourceQuality "1"]
[TimeControl "40/5400+30:900+30"]

1. e4 c6 2. d4 d5 3. Nd2 dxe4 4. Nxe4 Nf6 5. Nxf6+ exf6 6. Be3 Bd6 7. Bd3 Na6 8. a3 O-O 9. Ne2 Re8 10. O-O Bg4 11. h3 Bxe2 12. Qxe2 Nc7 13. Qf3 g6 14. Rfe1 f5 15. Bc4 Qh4 16. g4 Ne6 17. d5 cxd5 18. Bxd5 fxg4 19. hxg4 Rac8 20. c4 Be5 21. Rad1 b6 22. Bc1 Bc7 23. Kf1 Bd8 24. b4 Bf6 25. Re4 Bg7 26. Rde1 Qd8 27. g5 b5 28. Rd1 Qc7 29. c5 Re7 30. Qg3 Qd8 31. Qb3 Qf8 32. Rxe6 fxe6 33. Bxe6+ Kh8 34. Bxc8 Qxc8 35. Qd3 Qe6 36. Bf4 Rf7 37. Bg3 Rf8 38. Qd5 Qg4 39. Kg2 a5 40. bxa5 Qa4 41. c6 Qxa5 42. c7 Qc3 43. Qb7 1-0

[Event "Icelandic Team-ch Kvika Leagu 2023-24"]
[Site "Reykjavik"]
[Date "2024.03.02"]
[Round "9"]
[White "Pantzar, Milton"]
[Black "Laurusas, Tomas"]
[Result "0-1"]
[ECO "D13"]
[WhiteElo "2472"]
[BlackElo "2586"]
[Annotator "RC"]
[PlyCount "102"]
[EventDate "2024.02.29"]
[EventType "team-tourn"]
[EventCountry "ISL"]
[SourceTitle "playchess.com"]
[Source "ChessBase"]
[SourceQuality "1"]
[TimeControl "40/5400+30:900+30"]

1. d4 d5 2. c4 c6 3. cxd5 cxd5 4. Nc3 Nf6 5. Bf4 Nc6 6. e3 e6 7. Nf3 Bd6 8. Bxd6 Qxd6 9. Bd3 O-O 10. O-O Bd7 11. Rc1 Rac8 12. Qe2 Rfd8 13. Rfd1 Be8 14. h3 a6 15. Bb1 Rc7 16. e4 dxe4 17. Nxe4 Qe7 18. Nxf6+ Qxf6 19. Be4 h6 20. Qe3 Rdc8 21. Rc3 Ne7 22. Rdc1 Rxc3 23. Rxc3 Rxc3 24. bxc3 Bc6 25. Ne5 Nf5 26. Bxf5 Qxf5 27. Nxc6 bxc6 28. Qe2 a5 29. Qb2 Qb5 30. Qa3 Kh7 31. g4 Qd5 32. Qb3 Qe4 33. Qd1 Kg8 34. Kh2 e5 35. Kg3 Qd5 36. Qb3 Qd6 37. dxe5 Qxe5+ 38. Kg2 Qc5 39. a4 g6 40. Qb8+ Kg7 41. Qb3 Kf6 42. c4 Ke6 43. Kf3 f5 44. Qd3 Qe5 45. gxf5+ Qxf5+ 46. Qxf5+ Kxf5 47. Ke3 g5 48. Kf3 h5 49. Kg3 h4+ 50. Kg2 Ke4 51. c5 Kf4 0-1